 Dungeon Crawl Stone Soup version 0.31-a0-189-ga26ba32dd1 (webtiles) character file.

Game seed: 8820213296614150211

91 qw the Shooter (level 4, -2/25 HPs)
             Began as a Deep Elf Hunter on June 23, 2023.
             Slain by a hound (4 damage)
             ... on level 3 of the Dungeon.
             The game lasted 00:00:51 (1810 turns).

qw the Shooter (Deep Elf Hunter)                    Turns: 1810, Time: 00:00:51

Health: -2/25      AC:  5    Str: 10    XL:     4   Next: 34%
Magic:  6/6        EV: 11    Int: 14    God:
Gold:   155        SH:  0    Dex: 18    Spells: 3/3 levels left

rFire   . . .        Y - +1 shortbow
rCold   . . .        (shield currently unavailable)
rNeg    . . .        k - +0 ring mail
rPois   .            (no helmet)
rElec   .            (no cloak)
rCorr   .            (no gloves)
SInv    .            (no boots)
Will    .....        (no amulet)
Stlth   +            (no ring)
HPRegen 0.24/turn    (no ring)
MPRegen 0.10/turn

%: no passive effects
@: about to teleport
A: no striking features
a: no special abilities


You were on level 3 of the Dungeon.
You visited 1 branch of the dungeon, and saw 3 of its levels.

You collected 155 gold pieces.


   Skills:
 - Level 1.5 Fighting
 + Level 7.8 Ranged Weapons
 - Level 2.4 Dodging
 - Level 1.2 Stealth


You had 3 spell levels left.
You didn't know any spells.
Your spell library was empty.

Inventory:

Hand Weapons
 Y - a +1 shortbow (weapon)
Armour
 k - a +0 ring mail (worn)
Jewellery
 f - a ring of willpower
Scrolls
 b - 4 scrolls of identify
Potions
 c - a potion of berserk rage {unknown}
 d - a potion of lignification {unknown}
 e - a potion of mutation {unknown}
 i - a potion of curing

Dungeon Overview and Level Annotations

Branches:
Dungeon (3/15)

Altars:
Vehumet

Shops:
D:3 =


Message History

Enter note:
Enter note:
Enter note: You shoot an arrow.
The arrow hits the dart slug.
The dart slug is moderately wounded.
You shoot an arrow. The arrow barely misses the goblin.
You hear a bark!
The dart slug launches a dart at you. The slug dart hits you.
You hear an angry hiss.
You shoot an arrow. The arrow hits the goblin.
You kill the goblin!
You hear a bark!
An adder comes into view.
A hound comes into view.
You hear an angry hiss.
1801 ||| Stepping ~*~*~tactically~*~*~ (outnumbered).
You shoot an arrow. The arrow barely misses the hound.
The hound barely misses you. The hound bites you.
You shoot an arrow. The arrow barely misses the hound.
The hound closely misses you.
You shoot an arrow. The arrow closely misses the hound.
The hound bites you. The hound bites you but does no damage.
You shoot an arrow. The arrow closely misses the hound.
The hound bites you. The hound bites you but does no damage.
You shoot an arrow. The arrow hits the hound.
The hound is lightly wounded.
The hound bites you but does no damage.
A ball python comes into view.
You shoot an arrow. The arrow barely misses the hound.
The hound bites you. The hound barely misses you.
You shoot an arrow. The arrow closely misses the hound.
The hound bites you but does no damage. x2
You shoot an arrow. The arrow hits the hound.
The hound is heavily wounded.
The hound bites you. The worm bites you. The hound misses you.
1810 ||| READING scroll of teleportation.
As you read the scroll of teleportation, it crumbles to dust.
You feel strangely unstable. The hound bites you.
You die...

####### ......##
##### ##########
)......#
#...###.wS.)....
#...#..#
#.8.+#.@h#...wS.
##.###.###...#...##
.....
#...#...##..)#..##
.###
.._......%.8.'### #
#...#..#.#...#.#
##.###.#.#...#..#
#...#..#.#.8.+##..
.........#...# .##
#####...###### #


You could see a worm, a hound and a ball python.

Vanquished Creatures
  A gnoll (D:1)
  An adder (D:2)
  3 worms
  2 dart slugs (D:3)
  2 orcs (D:3)
  5 endoplasms
  2 giant cockroaches (D:1)
  4 goblins
  5 hobgoblins
  5 kobolds
  4 quokkas
  5 ball pythons
  8 bats
  4 frilled lizards
  6 rats
57 creatures vanquished.

Notes
Turn   | Place    | Note
-------+----------+-------------------------------------------
     0 | D:1      | qw the Deep Elf Hunter began the quest for the Orb.
     0 | D:1      | Reached XP level 1. HP: 12/12 MP: 3/3
     0 | D:1      | 0 ||| qw: Version: 0.3-a-9-g12657ce
     0 | D:1      | 0 ||| qw: Game counter: 4449
     0 | D:1      | 0 ||| qw: Always use a shield: true
     0 | D:1      | 0 ||| qw: God list: Okawaru
     0 | D:1      | 0 ||| qw: Allow faded altars: false
     0 | D:1      | 0 ||| qw: Do Orc after D:15 true
     0 | D:1      | 0 ||| qw: Do second Lair branch before Depths: true
     0 | D:1      | 0 ||| qw: Lair rune preference: random
     0 | D:1      | 0 ||| qw: Plans: Normal
     0 | D:1      | 0 ||| PLANNING D:1-11
    99 | D:1      | Reached XP level 2. HP: 13/16 MP: 4/4
   100 | D:1      | Reached skill level 6 in Ranged Weapons
   506 | D:1      | Reached XP level 3. HP: 20/20 MP: 5/5
   802 | D:1      | 802 ||| UPGRADING to +0 ring mail.
   812 | D:1      | 812 ||| DROPPING +0 leather armour.
   813 | D:1      | 813 ||| READING scroll labelled VENEMA SUMM.
   818 | D:1      | 818 ||| READING scroll labelled HUTECU HUEDEY.
   819 | D:1      | 819 ||| READING scroll labelled SAV ESTRYGGAU.
   820 | D:1      | 820 ||| READING scroll labelled XOXUMU ZEOCI.
   821 | D:1      | 821 ||| READING scroll labelled ZEUNKI ADGHUE.
   822 | D:1      | 822 ||| DROPPING scroll of butterflies.
   893 | D:2      | Reached skill level 7 in Ranged Weapons
  1150 | D:2      | Reached XP level 4. HP: 25/25 MP: 6/6
  1219 | D:2      | 1219 ||| READING 3 scrolls labelled UNAAGEZOTO.
  1220 | D:2      | 1220 ||| DRINKING 2 white potions.
  1221 | D:2      | 1221 ||| DRINKING 2 metallic coppery potions.
  1222 | D:2      | 1222 ||| DROPPING 2 scrolls of blinking.
  1223 | D:2      | 1223 ||| DROPPING potion of brilliance.
  1517 | D:3      | Found Afriz's Jewellery Boutique.
  1526 | D:3      | 1526 ||| SHOPLISTING +4 ring of protection (432 gold, have
                  | 141).
  1526 | D:3      | 1526 ||| SHOPLISTING +5 ring of evasion (432 gold, have
                  | 141).
  1526 | D:3      | 1526 ||| SHOPLISTING amulet of regeneration (360 gold, have
                  | 141).
  1526 | D:3      | 1526 ||| SHOPLISTING amulet of the Messenger {Reflect Str+6
                  | Dex+2 SH+5} (645 gold, have 141).
  1526 | D:3      | 1526 ||| SHOPLISTING ring "Ofoittag" {rN+ rCorr} (374 gold,
                  | have 141).
  1526 | D:3      | 1526 ||| SHOPLISTING ring of poison resistance (240 gold,
                  | have 141).
  1674 | D:3      | Found a radiant altar of Vehumet.
  1719 | D:3      | 1719 ||| FLEEEEING.
  1720 | D:3      | 1720 ||| FLEEEEING.
  1721 | D:3      | 1721 ||| FLEEEEING.
  1801 | D:3      | 1801 ||| Stepping ~*~*~tactically~*~*~ (outnumbered).
  1809 | D:3      | HP: 4/25 [hound (5)]
  1809 | D:3      | HP: 1/25 [worm (3)]
  1810 | D:3      | 1810 ||| READING scroll of teleportation.
  1810 | D:3      | Slain by a hound

Levels and vault maps discovered:
D:1:      nzn_arrival_settlement, layout_loops_ring, minmay_large_rounded_square
D:2:      layout_basic
D:3:      minmay_chambers_of_threes, layout_basic, vehumet_crystals,
          serial_shops, shop, minivault_11

Skill      XL: |  1  2  3 |
---------------+----------+-----
Ranged Weapons | 6 7 |  7.8
Fighting       | |  1.5
Dodging        | |  2.4
Stealth        | |  1.2

Action                     |  1- 3 |  4- 6 || total
---------------------------+-------+-------++-------
   Fire: Shortbow          |   112 |    56 ||   168
    Use: Scroll            |     5 |     2 ||     7
         Potion            |       |     2 ||     2
 Armour: Leather armour    |     5 |       ||     5
         Ring mail         |       |     8 ||     8
  Dodge: Dodged            |    15 |     8 ||    23

Table legend:
 A = Non-vault XP
 B = Vault XP
 C = Vault XP percentage of total XP
 D = Non-vault monster count
 E = Vault monster count
 F = Vault count percentage of total count
                 A         B        C        D         E       F
            +---------+---------+-------+---------+---------+-------
      Total |     117 |      14 |  10.7 |      52 |       5 |   8.8
            +---------+---------+-------+---------+---------+-------
        D:1 |      56 |       0 |   0.0 |      29 |       0 |   0.0
        D:2 |      44 |       0 |   0.0 |      15 |       0 |   0.0
        D:3 |      17 |      14 |  45.2 |       8 |       5 |  38.5
            +---------+---------+-------+---------+---------+-------
